 Dungeon Crawl Stone Soup version 0.22-a0-407-gb098539 (webtiles) character file.

3863 dstrtnsr the Cleaver (level 10, -2/150 HPs)
             Began as a Hill Orc Berserker on May 10, 2018.
             Was an Elder of Trog.
             Slain by dstrtnsr's ghost (18 damage)
             ... on level 10 of the Dungeon.
             The game lasted 00:06:02 (6258 turns).

dstrtnsr the Cleaver (Hill Orc Berserker)           Turns: 6258, Time: 00:06:04

Health: -2/150     AC: 12    Str: 27    XL:     10   Next: 19%
Magic:  10/10      EV: 10    Int:  9    God:    Trog [****..]
Gold:   236        SH:  0    Dex: 10    Spells: 9/9 levels left

rFire    . . .     SeeInvis .   s - +1 war axe
rCold    . . .     Gourm    .   (no shield)
rNeg     . . .     Faith    .   p - +0 scale mail
rPois    .         Spirit   .   w - +2 helmet
rElec    .         Reflect  .   m - +0 cloak
rCorr    .         Harm     .   (no gloves)
MR       .....                  l - +0 pair of boots
Stlth    ..........             (no amulet)
HPRegen  0.35/turn              (no ring)
MPRegen  0.12/turn              (no ring)

@: berserking (expiring), very heavily drained, very quick
A: clever 1, robust 1, weak 1
a: Berserk, Trog's Hand, Brothers in Arms, Renounce Religion


You were on level 10 of the Dungeon.
You worshipped Trog.
Trog was greatly pleased with you.
You were hungry.

You visited 1 branch of the dungeon, and saw 10 of its levels.

You collected 320 gold pieces.
You spent 84 gold pieces at shops.

Inventory:

Hand Weapons
 s - a +1 war axe (weapon)
Missiles
 t - a throwing net (quivered)
Armour
 l - a +0 pair of boots (worn)
 m - a +0 cloak (worn)
 p - a +0 scale mail (worn)
 w - a +2 helmet (worn)
Jewellery
 x - a +3 ring of slaying {unknown}
 y - an uncursed ring of poison resistance {unknown}
 A - an uncursed ring of poison resistance {unknown}
Wands
 C - a wand of acid (11)
 D - a wand of disintegration (7)
 E - a wand of enslavement (13)
 V - a wand of digging (15)
Scrolls
 b - 2 scrolls of remove curse {@r2}
 c - a scroll of fear {unknown}
 g - a scroll of enchant weapon
 h - 2 scrolls of enchant armour {unknown}
 i - a scroll of magic mapping
 o - 5 scrolls of teleportation {!d}
 q - a scroll of amnesia {unknown}
 u - 4 scrolls of identify {@r1}
Potions
 a - a potion of cancellation {unknown}
 d - 3 potions of lignification {unknown}
 f - 2 potions of mutation
 j - 2 potions of invisibility {unknown}
 k - 2 potions of ambrosia
 n - a potion of agility
 r - a potion of brilliance {unknown}
 v - a potion of might {unknown}
 z - a potion of heal wounds
Comestibles
 e - 12 rations {!d}


   Skills:
 + Level 9.4(6.0) Fighting
 * Level 13.4(9.6) Axes
 + Level 5.7(2.6) Armour
 + Level 4.3(1.3) Dodging


You had 9 spell levels left.
You didn't know any spells.

Dungeon Overview and Level Annotations

Branches:
Dungeon (10/15)
 Temple: D:4-7         Lair: D:8-11         Orc: D:9-12

Altars:
Fedhas
Nemelex Xobeh
Vehumet

Shops:
D:6 *   D:7 [}

Portals:
Sewer: D:3

Annotations:
D:3 dstrtnsr's ghost, weakling HOFi
D:6 emperorscorpion's ghost, novice MiBe
D:10 dstrtnsr's ghost, novice HOBe


Innate Abilities, Weirdness & Mutations

Your mind is acute. (Int +2)
You are robust. (+10% HP)
You are weak. (Str -2)


Message History

The hippogriff closely misses you. The hippogriff barely misses you.
You hit the hippogriff but do no damage.
The hippogriff is almost dead.
The hippogriff bites you.
The hippogriff pecks you but does no damage.
The hippogriff claws you.
You slash the hippogriff!
You kill the hippogriff!
Trog accepts your kill.
No target in view!
No target in view!
No target in view!
No target in view!
No target in view!
No target in view!
No target in view!
No target in view!
No target in view!
No target in view!
No target in view!
No target in view!
No target in view!
Key pressed, stopping explore.
All of the chunks of flesh in your inventory have rotted away.
z - a potion of heal wounds
A - a runed sapphire ring
Found a stone staircase leading down.
Dstrtnsr's ghost (novice Hill Orc Berserker) comes into view.
It is wielding a weapon of draining.
Dstrtnsr's ghost turns its malevolent gaze towards you.
Dstrtnsr's ghost is nearby!
Dstrtnsr's ghost is nearby!
Dstrtnsr's ghost says, "I'll split you in two!"
You see here 14 gold pieces.
Found a naga barding.
A bullfrog skeleton comes into view.
You see here a golden potion.
Dstrtnsr's ghost ripples.
You hit dstrtnsr's ghost.
Dstrtnsr's ghost is lightly damaged.
Dstrtnsr's ghost hits you!!
You feel drained.
You slice dstrtnsr's ghost!!
Dstrtnsr's ghost is moderately damaged.
Dstrtnsr's ghost closely misses you.
You hit dstrtnsr's ghost.
Dstrtnsr's ghost is moderately damaged.
Dstrtnsr's ghost hits you but does no damage.
You feel drained.
You completely miss dstrtnsr's ghost.
Dstrtnsr's ghost is moderately damaged.
Dstrtnsr's ghost hits you!
You feel drained.
You hit dstrtnsr's ghost but do no damage.
Dstrtnsr's ghost is moderately damaged.
Dstrtnsr's ghost hits you!
You feel drained.
A red film seems to cover your vision as you go berserk!
You feel yourself moving faster!
You feel mighty!
You feel a lot more hungry. Dstrtnsr's ghost hits you!!
You feel drained.
You are too injured to fight recklessly!
You slash dstrtnsr's ghost!
Dstrtnsr's ghost is moderately damaged.
You are feeling hungry.
You slash dstrtnsr's ghost!
Dstrtnsr's ghost is heavily damaged.
Dstrtnsr's ghost closely misses you.
You closely miss dstrtnsr's ghost.
Dstrtnsr's ghost is heavily damaged.
Dstrtnsr's ghost hits you!
* * * LOW HITPOINT WARNING * * *
You feel drained.
* * * LOW HITPOINT WARNING * * *
You hit dstrtnsr's ghost.
Dstrtnsr's ghost is heavily damaged.
You slash dstrtnsr's ghost!
Dstrtnsr's ghost is heavily damaged.
Dstrtnsr's ghost closely misses you.
You completely miss dstrtnsr's ghost.
Dstrtnsr's ghost is heavily damaged.
Dstrtnsr's ghost hits you!
* * * LOW HITPOINT WARNING * * *
You feel drained.
* * * LOW HITPOINT WARNING * * *
You hit dstrtnsr's ghost.
Dstrtnsr's ghost is severely damaged.
You hit dstrtnsr's ghost but do no damage.
Dstrtnsr's ghost is severely damaged.
Dstrtnsr's ghost hits you but does no damage.
You feel drained.
You hit dstrtnsr's ghost but do no damage.
Dstrtnsr's ghost is severely damaged.
You slash dstrtnsr's ghost!
Dstrtnsr's ghost is severely damaged.
Dstrtnsr's ghost hits you.
* * * LOW HITPOINT WARNING * * *
You feel drained.
You closely miss dstrtnsr's ghost.
Dstrtnsr's ghost is severely damaged.
Dstrtnsr's ghost barely misses you.
You closely miss dstrtnsr's ghost.
Dstrtnsr's ghost is severely damaged.
Dstrtnsr's ghost hits you!!
You die...

..#.#...###......#
#.##.# .#....#
#.###.#......#
#.....#......#
#.######.....# #.#
... # #$#
.##..##!#
....[..@#
...####W# .Z# ##>#
... ###


You could see dstrtnsr's ghost and a bullfrog skeleton.

Vanquished Creatures
  2 hippogriffs
  3 yaks (D:9)
  An orc warrior (D:10)
  3 ice beasts
  4 ogres
  A necrophage (D:9)
  3 phantoms
  A sky beast (D:9)
  2 centaurs
  5 bullfrogs
  2 wyvern zombies (D:9)
  A scorpion (D:6)
  13 crimson imps
  A quasit (D:9)
  2 hounds
  A bullfrog skeleton (D:5)
  An orc priest (D:10)
  4 jellies
  4 orc wizards
  2 centaur skeletons
  3 iguanas
  4 worker ants
  A hound skeleton (D:7)
  A howler monkey skeleton (D:7)
  A worker ant zombie (D:6)
  7 adders
  3 gnolls (D:5)
  A shadow imp (D:9)
  6 oozes
  2 adder skeletons
  2 worms
  8 leopard geckos
  18 orcs
  A ball python (D:2)
  2 bats
  8 giant cockroaches
  5 hobgoblins
  4 jackals (D:7)
  5 kobolds
  2 quokkas
  2 frilled lizards
  3 goblins
  2 rats
147 creatures vanquished.

Notes
Turn   | Place    | Note
-------+----------+-------------------------------------------
     0 | D:1      | dstrtnsr the Hill Orc Berserker began the quest for the Orb.
     0 | D:1      | Reached XP level 1. HP: 19/19 MP: 1/1
   127 | D:1      | Reached XP level 2. HP: 27/27 MP: 2/2
   191 | D:2      | HP: 10/27 [adder (5)]
   196 | D:2      | HP: 9/40 [poisoned by an adder]
   198 | D:2      | Reached skill level 5 in Axes
   198 | D:2      | Reached XP level 3. HP: 6/33 MP: 3/3
   200 | D:2      | HP: 4/33 [poisoned by an adder]
   203 | D:2      | Gained mutation: You are robust. (+10% HP) [potion of mutation]
   203 | D:2      | Gained mutation: You are weak. (Str -2) [potion of mutation]
   203 | D:2      | Gained mutation: Your mind is acute. (Int +2) [potion of mutation]
   203 | D:2      | HP: 1/36 [poisoned by an adder]
   995 | D:3      | Reached XP level 4. HP: 45/45 MP: 4/4
  1003 | D:3      | Found a glowing drain.
  1023 | D:3      | Reached ** piety under Trog
  1189 | D:3      | Noticed dstrtnsr's ghost (weakling HOFi)
  1202 | D:3      | HP: 18/45 [dstrtnsr's ghost (4)]
  1207 | D:3      | HP: 8/45 [poisoned by an adder]
  1223 | D:3      | HP: 10/45 [bat (1)]
  1231 | D:3      | HP: 10/45 [bat (1)]
  1243 | D:4      | Reached skill level 6 in Axes
  1272 | D:4      | Noticed an ogre
  1301 | D:4      | HP: 10/45 [ogre/giant spiked club (14)]
  1304 | D:4      | HP: 3/45 [ogre/giant spiked club (10)]
  1305 | D:4      | Killed an ogre
  1305 | D:4      | Reached skill level 5 in Fighting
  1305 | D:4      | Reached skill level 7 in Axes
  1305 | D:4      | Reached XP level 5. HP: 4/52 MP: 5/5
  1316 | D:4      | HP: 17/52 [orc wizard/long sword (6)]
  1323 | D:4      | Reached XP level 6. HP: 21/61 MP: 6/6
  1333 | D:4      | HP: 32/91 [orc wizard/dagger (2)]
  1384 | D:4      | HP: 19/61 [centaur (8)]
  1389 | D:4      | HP: 24/91 [centaur (1)]
  1391 | D:4      | Reached skill level 8 in Axes
  1818 | D:4      | Found a sparkling altar of Nemelex Xobeh.
  1988 | D:5      | Entered Level 5 of the Dungeon
  2019 | D:5      | Found a blossoming altar of Fedhas.
  2085 | D:5      | Reached XP level 7. HP: 45/69 MP: 7/7
  2403 | D:6      | Reached skill level 9 in Axes
  2616 | D:6      | Found Zyoq's Assorted Antiques.
  2654 | D:6      | Reached skill level 10 in Axes
  2659 | D:6      | Bought a scroll labeled UGHOUD POL for 21 gold pieces
  2659 | D:6      | Bought a scroll labeled QUEXOD OZUITE for 21 gold pieces
  2659 | D:6      | Bought a scroll labeled MIFUCO EMOCOG for 21 gold pieces
  2659 | D:6      | Bought a scroll labeled MIFUCO EMOCOG for 21 gold pieces
  2812 | D:6      | Noticed emperorscorpion's ghost (novice MiBe)
  2836 | D:6      | HP: 27/72 [emperorscorpion's ghost (7)]
  2839 | D:6      | HP: 11/72 [emperorscorpion's ghost (8)]
  2843 | D:6      | HP: 5/72 [emperorscorpion's ghost (7)]
  2848 | D:6      | HP: 12/72 [emperorscorpion's ghost (2)]
  2855 | D:6      | HP: 16/72 [hound (1)]
  3342 | D:7      | Reached XP level 8. HP: 48/80 MP: 8/8
  3343 | D:7      | HP: 32/80 [bullfrog (3)]
  3352 | D:7      | HP: 21/80 [bullfrog (5)]
  3707 | D:7      | Found Gonkuqu's Gadget Shop.
  3740 | D:7      | Reached *** piety under Trog
  3744 | D:7      | Found Eruom's Armour Shoppe.
  4159 | D:8      | Reached skill level 11 in Axes
  4211 | D:8      | Noticed a hippogriff
  4217 | D:8      | Killed a hippogriff
  4300 | D:8      | Reached XP level 9. HP: 89/89 MP: 9/9
  4707 | D:9      | Reached skill level 12 in Axes
  5024 | D:9      | Reached skill level 5 in Armour
  5408 | D:9      | Reached skill level 13 in Axes
  5473 | D:9      | Reached XP level 10. HP: 82/100 MP: 10/10
  5572 | D:9      | Reached **** piety under Trog
  5934 | D:9      | Found a radiant altar of Vehumet.
  5977 | D:10     | Entered Level 10 of the Dungeon
  6237 | D:10     | Noticed dstrtnsr's ghost (novice HOBe)
  6246 | D:10     | HP: 54/150 [dstrtnsr's ghost (19)]
  6252 | D:10     | HP: 21/150 [dstrtnsr's ghost (15)]
  6258 | D:10     | Slain by dstrtnsr's ghost

Vault maps used:
D:1:      lightli_arrival_noodles, kennysheep_decorative_pillar
D:2:      kennysheep_big_flooded_room
D:3:      gup_sewer_entry_pipe, minmay_liquid_box, hangedman_decor_growths
D:4:      nicolae_ru_the_path_less_chosen, marbit_many_paths,
          nemelex_xobeh_ov_fountains_minmay, minmay_temple_entry_fiery,
          uniq_pikel
D:5:      cheibrodos_thug_alley, amethyst_overflow_temple_binary, serial_shops,
          shop, first_ration, fedhas_altar_1
D:6:      serial_shops, nicolae_shop_waterfront
D:7:      serial_shops, shop, shop
D:8:      zin_scriptorium
D:9:      nicolae_overflow_hidden_temple, hangedman_little_slice_of_home,
          statue_in_the_mist_lemuel, minmay_nine_imps
D:10:     dpeg_oklobed_lair, uniq_snorg

Skill      XL: |  1  2  3  4  5  6  7  8  9 |
---------------+----------------------------+-----
Fighting       | 4 5 6 7 8 9 |  9.4
Axes           | 5 7 8 10 11 13 | 13.4
Dodging        | 2 4 |  4.3
Armour         | 3 5 |  5.7

Action                   |  1- 3 |  4- 6 |  7- 9 | 10-12 || total
-------------------------+-------+-------+-------+-------++-------
Melee: Hand axe          |    96 |   132 |    31 |       ||   259
       War axe           |       |       |   295 |    74 ||   369
Invok: Berserk           |     1 |     3 |     6 |     2 ||    12
       Trog's Hand       |       |     1 |     2 |       ||     3
  Use: Potion            |     2 |     1 |     2 |       ||     5
       Scroll            |       |       |     6 |       ||     6
 Stab: Sleeping          |     1 |       |       |       ||     1
  Eat: Chunk             |     1 |     4 |    17 |     1 ||    23
       Ration            |       |     1 |       |     1 ||     2
Armor: Animal skin       |    11 |       |       |       ||    11
       Scale mail        |     9 |    59 |   134 |    25 ||   227
Dodge: Dodged            |    65 |    88 |   174 |    24 ||   351

Table legend:
 A = Spawn XP
 B = Non-spawn XP
 C = Spawn XP percentage of total XP
 D = Spawn monster count
 E = Non-spawn monster count
 F = Spawn count percentage of total count
 G = Total turns spent on level
                    A         B        C        D         E        F      G
               +---------+---------+-------+---------+---------+-------+---------
         Total |       0 |    5519 |   0.0 |       0 |     147 |   0.0 |  6258
               +---------+---------+-------+---------+---------+-------+---------
           D:1 |       0 |      10 |   0.0 |       0 |       6 |   0.0 |   172
           D:2 |       0 |      52 |   0.0 |       0 |      17 |   0.0 |   484
           D:3 |       0 |      46 |   0.0 |       0 |      14 |   0.0 |   581
           D:4 |       0 |     442 |   0.0 |       0 |      12 |   0.0 |   751
           D:5 |       0 |     122 |   0.0 |       0 |       9 |   0.0 |   341
           D:6 |       0 |     505 |   0.0 |       0 |      13 |   0.0 |  1004
           D:7 |       0 |     568 |   0.0 |       0 |      16 |   0.0 |   791
           D:8 |       0 |     817 |   0.0 |       0 |      14 |   0.0 |   457
           D:9 |       0 |    2414 |   0.0 |       0 |      39 |   0.0 |  1396
          D:10 |       0 |     543 |   0.0 |       0 |       7 |   0.0 |   281
               +---------+---------+-------+---------+---------+-------+---------
